 Dungeon Crawl Stone Soup version 0.21.1-1-g345015f (webtiles) character file.

223 tidbits the Magician (level 6, 39/47 HPs)
             Began as a Gnoll Wanderer on June 8, 2018.
             Quit the game on level 5 of the Dungeon.
             The game lasted 00:09:13 (678 turns).

tidbits the Magician (Gnoll Wanderer)                Turns: 678, Time: 00:09:14

Health: 39/47      AC:  2    Str: 15    XL:     6   Next: 0%
Magic:  0/16       EV: 12    Int: 17    God:
Gold:   142        SH:  0    Dex: 13    Spells: 8/19 levels left

rFire    . . .     SeeInvis .   s - -3 long sword (curse)
rCold    . . .     Gourm    .   (no shield)
rNeg     . . .     Faith    .   d - +0 robe
rPois    .         Spirit   .   (no helmet)
rElec    .         Reflect  .   (no cloak)
rCorr    .         Harm     .   (no gloves)
MR       .....                  (no boots)
Stlth    +++.......             (no amulet)
HPRegen  0.15/turn              o - ring of stealth
MPRegen  0.15/turn              (no ring)

@: no status effects
A: distributed training, fangs 1, strong nose
a: no special abilities


You were on level 5 of the Dungeon.
You were not hungry.

You visited 1 branch of the dungeon, and saw 5 of its levels.

You collected 142 gold pieces.

Inventory:

Hand Weapons
 a - a +0 spear of venom
   (You found it on level 1 of the Dungeon)
 e - a +0 club
 j - a +0 dagger
 s - a cursed -3 long sword (weapon)
Missiles
 l - 120 arrows
 m - 94 stones (quivered)
Armour
 d - a +0 robe (worn)
Jewellery
 o - a ring of stealth (left hand)
   (You found it on level 1 of the Dungeon)
Wands
 i - a wand of digging (15)
Scrolls
 r - a scroll of blinking
Potions
 c - a potion of curing
 n - a potion of might {unknown}
 q - a potion of agility
Books
 b - the Volume of Fire

   Spells                             Type                      Level
   a - Flame Tongue                   Conjuration/Fire             1
   b - Ignite Poison                  Fire/Transmutation/Poison    3
 g - a book of Minor Magic

   Spells                             Type                      Level
   a - Magic Dart                     Conjuration                  1
   b - Blink                          Translocation                2
   c - Call Imp                       Summoning                    2
   d - Slow                           Hexes                        2
   e - Conjure Flame                  Conjuration/Fire             3
   f - Mephitic Cloud                 Conjuration/Poison/Air       3
Comestibles
 f - 3 rations


   Skills:
 + Level 3.1 Fighting
 + Level 1.6 Short Blades
 + Level 4.8 Long Blades
 + Level 1.6 Axes
 + Level 1.6 Maces & Flails
 + Level 1.6 Polearms
 + Level 1.6 Staves
 + Level 1.6 Slings
 + Level 1.6 Bows
 + Level 1.6 Crossbows
 + Level 1.6 Throwing
 + Level 1.6 Armour
 + Level 1.6 Dodging
 + Level 2.9 Stealth
 + Level 3.1 Shields
 + Level 1.6 Unarmed Combat
 + Level 7.3 Spellcasting
 + Level 1.3 Conjurations
 + Level 1.3 Hexes
 + Level 1.3 Charms
 + Level 1.3 Summonings
 + Level 1.3 Necromancy
 + Level 1.3 Translocations
 + Level 1.3 Transmutations
 + Level 1.3 Fire Magic
 + Level 1.3 Ice Magic
 + Level 4.0 Air Magic
 + Level 1.3 Earth Magic
 + Level 1.3 Poison Magic
 + Level 1.9 Invocations
 + Level 1.6 Evocations


You had 8 spell levels left.
You knew the following spells:

 Your Spells              Type           Power        Failure   Level  Hunger
a - Magic Dart            Conj           ##..         6%          1    None
b - Blink                 Tloc           N/A          10%         2    None
c - Conjure Flame         Conj/Fire      ##......     19%         3    ##.....
i - Call Imp              Summ           ##......     10%         2    None
m - Mephitic Cloud        Conj/Pois/Air  ##......     13%         3    ##.....


Dungeon Overview and Level Annotations

Branches:
Dungeon (5/15)
 Temple: D:4-7

Altars:
Fedhas
Sif Muna


Innate Abilities, Weirdness & Mutations

Your experience applies equally to all skills.
You have very sharp teeth.
Your uncanny sense of smell can sniff out nearby items.


Message History

Unknown command.
Something misses your crimson imp.
Your crimson imp hits the centaur skeleton.
The centaur skeleton barely misses your crimson imp.
The centaur skeleton closely misses your crimson imp.
Your crimson imp hits the centaur skeleton.
The centaur skeleton hits your crimson imp!
Unknown command.
Casting: Mephitic Cloud
Confirm with . or Enter, or press ? or * to list all spells.
Aiming: Magic Dart
Press: ? - help, Shift-Dir - straight line, f/p - ogre
Aim: an ogre, wielding a giant club (severely wounded, confused)
The magic dart hits the ogre.
The ogre is severely wounded.
Casting: Magic Dart
Confirm with . or Enter, or press ? or * to list all spells.
Aiming: Magic Dart
Press: ? - help, Shift-Dir - straight line, f/p - ogre
Aim: an ogre, wielding a giant club (severely wounded, confused)
The magic dart hits the ogre.
The ogre is almost dead.
The centaur skeleton misses your crimson imp.
You hit the ogre but do no damage.
The ogre is almost dead.
The ogre seems less confused.
The centaur skeleton hits your crimson imp but does no damage.
The ogre closely misses you.
The centaur skeleton closely misses your crimson imp.
Your crimson imp blinks!
Your magical contamination has completely faded away.
You hit the ogre.
You kill the ogre!
Your Fighting skill increases to level 3!
Your Shields skill increases to level 3!
Your Air Magic skill increases to level 4!
The quasit bites you but does no damage.
The quasit claws you but does no damage.
The quasit barely misses you.
Unknown command.
You hear the slow hiss of a very distant avalanche of sand.
You swap places.
The quasit barely misses your crimson imp.
The quasit claws your crimson imp.
The quasit closely misses your crimson imp.
Your crimson imp closely misses the quasit.
The quasit barely misses your crimson imp.
The quasit claws your crimson imp but does no damage.
The quasit barely misses your crimson imp.
Your crimson imp blinks!
Casting: Magic Dart
Confirm with . or Enter, or press ? or * to list all spells.
Aiming: Conjure Flame
Press: ? - help, Dir - move target cursor The fire ignites!
As you read the scroll labeled QOATEN ROBODATS, it crumbles to dust.
It is a scroll of identify.
r - a scroll of blinking
As you read the scroll of identify, it crumbles to dust.
q - a potion of agility The centaur skeleton is engulfed in blazing flames.
The centaur skeleton hits you.
You hit the centaur skeleton.
The centaur skeleton is almost destroyed.
The centaur skeleton is engulfed in blazing flames.
You destroy the centaur skeleton!
You have reached level 6!
Your experience leads to an increase in your attributes!
Increase (S)trength, (I)ntelligence, or (D)exterity?
You feel clever.
Your crimson imp hits the quasit but does no damage.
Casting: Conjure Flame
Confirm with . or Enter, or press ? or * to list all spells.
Aiming: Magic Dart
Press: ? - help, Shift-Dir - straight line, f - quasit
Aim: a quasit The magic dart hits the quasit.
The quasit is lightly wounded.
Your crimson imp hits the quasit but does no damage.
Casting: Magic Dart
Confirm with . or Enter, or press ? or * to list all spells.
Aiming: Magic Dart
Press: ? - help, Shift-Dir - straight line, f/p - quasit
Aim: a quasit (lightly wounded)
The magic dart hits the quasit.
The quasit is lightly wounded.
Your crimson imp hits the quasit but does no damage.
You can't unwield your weapon to draw a new one!
Unknown command.
As you read the scroll labeled EMOETIWNEO, it crumbles to dust.
You feel aware of your surroundings.
You sensed 1 altar, and 1 shop/portal.
It was a scroll of magic mapping.
Your crimson imp completely misses the quasit.
As you read the scroll labeled WOZIACV PIUDD, it crumbles to dust.
It is a scroll of amnesia.
Okay, then.
Your crimson imp completely misses the quasit.
Unknown command.
Unknown command.
Are you sure you want to abandon this character and quit the game? (Confirm with "yes".)

..# ####.###.####.# **8 #.#
#...## ##.....# **,,
#.###.#..###.###### **,,8
..........#.## #######*,,,*
#.###.##...## #..[..#8,,** #.#
#.....## #####.#####,<,*, ..#
####.## #.........#8,,** ### #.#
####.###.#####*,,,* #.#
#.@§55...#######,,8 * ##.##
#.##)##........#*,, * #...#
#.##.##.########**8 * #...#
#.##....Z.# ** * #...#
#.#####5#.#******* *
*####...#####.#####.#.#*,,∆,,*
**#...........#.J......,.,,,,,,*
,,.....................,>.,,,,,*
**#...........##.##....,*#.,,,,*


You could see a quasit and a friendly crimson imp.

Vanquished Creatures
  An ogre (D:5)
  A bullfrog skeleton (D:5)
  A centaur skeleton (D:5)
  An iguana (D:4)
  A worker ant (D:4)
  3 adders
  An adder skeleton (D:4)
  2 dart slugs
  A leopard gecko (D:3)
  2 bats
  A giant cockroach (D:1)
  A quokka (D:2)
  2 frilled lizards (D:1)
  3 goblins (D:2)
21 creatures vanquished.

Vanquished Creatures (collateral kills)
  A crimson imp (D:5)
  An ooze (D:5)
2 creatures vanquished.

Grand Total: 23 creatures vanquished

Notes
Turn   | Place    | Note
-------+----------+-------------------------------------------
     0 | D:1      | tidbits the Gnoll Wanderer began the quest for the Orb.
     0 | D:1      | tidbits set off with: a book of Minor Magic, the Volume of Fire, a potion of curing, a +0 robe, a +0 club, a ration
     0 | D:1      | Reached XP level 1. HP: 17/17 MP: 8/8
     0 | D:1      | Identified the Volume of Fire
     2 | D:1      | Learned a level 1 spell: Magic Dart
   119 | D:2      | Found a blossoming altar of Fedhas.
   161 | D:2      | Reached XP level 2. HP: 17/23 MP: 10/10
   278 | D:2      | Found a deep blue altar of Sif Muna.
   476 | D:4      | Reached XP level 3. HP: 28/28 MP: 11/11
   499 | D:4      | Reached skill level 1 in Short Blades
   499 | D:4      | Reached skill level 1 in Axes
   499 | D:4      | Reached skill level 1 in Maces & Flails
   499 | D:4      | Reached skill level 1 in Polearms
   499 | D:4      | Reached skill level 1 in Staves
   499 | D:4      | Reached skill level 1 in Slings
   499 | D:4      | Reached skill level 1 in Bows
   499 | D:4      | Reached skill level 1 in Crossbows
   499 | D:4      | Reached skill level 1 in Throwing
   499 | D:4      | Reached skill level 1 in Armour
   499 | D:4      | Reached skill level 1 in Dodging
   499 | D:4      | Reached skill level 1 in Unarmed Combat
   499 | D:4      | Reached skill level 1 in Invocations
   499 | D:4      | Reached skill level 1 in Evocations
   507 | D:4      | Reached XP level 4. HP: 20/34 MP: 10/13
   512 | D:4      | Learned a level 2 spell: Blink
   516 | D:4      | Learned a level 3 spell: Mephitic Cloud
   517 | D:5      | Entered Level 5 of the Dungeon
   537 | D:5      | Learned a level 2 spell: Call Imp
   556 | D:5      | Reached skill level 1 in Conjurations
   556 | D:5      | Reached skill level 1 in Hexes
   556 | D:5      | Reached skill level 1 in Charms
   556 | D:5      | Reached skill level 1 in Summonings
   556 | D:5      | Reached skill level 1 in Necromancy
   556 | D:5      | Reached skill level 1 in Translocations
   556 | D:5      | Reached skill level 1 in Transmutations
   556 | D:5      | Reached skill level 1 in Fire Magic
   556 | D:5      | Reached skill level 1 in Ice Magic
   556 | D:5      | Reached skill level 1 in Earth Magic
   556 | D:5      | Reached skill level 1 in Poison Magic
   611 | D:5      | Reached XP level 5. HP: 27/40 MP: 14/14
   616 | D:5      | Learned a level 3 spell: Conjure Flame
   646 | D:5      | Noticed an ogre
   666 | D:5      | Killed an ogre
   666 | D:5      | Reached skill level 3 in Fighting
   666 | D:5      | Reached skill level 3 in Shields
   666 | D:5      | Reached skill level 4 in Air Magic
   673 | D:5      | Reached XP level 6. HP: 38/47 MP: 2/16
   678 | D:5      | Quit the game

Skill      XL: |  1  2  3  4  5 |
---------------+----------------+-----
Short Blades   | 1 |  1.6
Axes           | 1 |  1.6
Maces & Flails | 1 |  1.6
Polearms       | 1 |  1.6
Staves         | 1 |  1.6
Slings         | 1 |  1.6
Bows           | 1 |  1.6
Crossbows      | 1 |  1.6
Throwing       | 1 |  1.6
Armour         | 1 |  1.6
Dodging        | 1 |  1.6
Unarmed Combat | 1 |  1.6
Invocations    | 1 |  1.9
Evocations     | 1 |  1.6
Conjurations   | 1 |  1.3
Hexes          | 1 |  1.3
Charms         | 1 |  1.3
Summonings     | 1 |  1.3
Necromancy     | 1 |  1.3
Translocations | 1 |  1.3
Transmutations | 1 |  1.3
Fire Magic     | 1 |  1.3
Ice Magic      | 1 |  1.3
Earth Magic    | 1 |  1.3
Poison Magic   | 1 |  1.3
Fighting       | 3 |  3.1
Shields        | 3 |  3.1
Air Magic      | 4 |  4.0
Long Blades    | |  4.8
Stealth        | |  2.9
Spellcasting   | |  7.3

Action                   |  1- 3 |  4- 6 || total
-------------------------+-------+-------++-------
Melee: Spear             |    44 |    14 ||    58
       Bite              |     4 |     1 ||     5
       Long sword        |       |     3 ||     3
 Cast: Magic Dart        |     8 |     8 ||    16
       Call Imp          |       |     4 ||     4
       Conjure Flame     |       |     2 ||     2
       Mephitic Cloud    |       |     1 ||     1
  Use: Scroll            |       |     4 ||     4
 Stab: Sleeping          |     2 |     2 ||     4
Armor: Robe              |     3 |     3 ||     6
Dodge: Dodged            |    25 |     5 ||    30

Table legend:
 A = Turns spent in this place as a percentage of turns spent in the entire game.
 B = Non-inter-level travel turns spent in this place as a percentage of non-inter-level travel turns spent in the entire game.
 C = Inter-level travel turns spent in this place as a percentage of turns spent in this place.
 D = Turns resting spent in this place as a percentage of non-inter-level travel turns spent in this place.
 E = Turns spent auto-exploring this place as a percentage of non-inter-level travel turns spent in this place.
 F = Non-inter-level travel turns spent in this place divided by the number of levels of this place that you've seen.
                   A       B       C       D       E      F
               +-------+-------+-------+-------+-------+----------------------
         Total | 100.0 | 100.0 |   0.0 |   0.0 |   0.0 | 135.6
       Dungeon | 100.0 | 100.0 |   0.0 |   0.0 |   0.0 | 135.6
               +-------+-------+-------+-------+-------+----------------------

Table legend:
 A = Kills in this place as a percentage of kills in entire the game.
 B = Kills by you in this place as a percentage of kills by you in the entire game.
 C = Kills by friends in this place as a percentage of kills by friends in the entire game.
 D = Other kills in this place as a percentage of other kills in the entire game.
 E = Experience gained in this place as a percentage of experience gained in the entire game.
 F = Experience gained in this place divided by the number of levels of this place that you have seen.
                   A       B       C       D       E      F
               +-------+-------+-------+-------+-------+----------------------
         Total | 100.0 | 100.0 | 100.0 |   N/A | 100.0 |  63.8
       Dungeon | 100.0 | 100.0 | 100.0 |   N/A | 100.0 |  63.8
               +-------+-------+-------+-------+-------+----------------------

Vault maps used:
D:1:      enne_arrival_octagon_isle
D:2:      overflow_temple_1_default, overflow_temple_1_default,
          old_standard_altar
D:3:      first_ration, nemelex_diamond_rough_becter, uniq_terence
D:4:      lemuel_blue_sif_altar, uniq_ijyb, uniq_natasha
D:5:      nicolae_ossuary_entry_plus, grunt_ministairs_8, lemuel_tele_altar,
          uniq_duvessa
